Map: Prion Terraces

Players

HeroMarine

  • Race: Terran Terran

Petraeus - Winner!

  • Race: Zerg Zerg
  • League: Grandmaster

Event: NationWars III

VOD

Have the link to the VOD?

Description

Time

  • Played on: Dec. 13, 2015, 12:22 p.m.
  • Length: 14:09

All games in this series

Show
View Real Time Build Order
Export as new Build Order

HeroMarine Terran 

Build Orders: Liberator Opening, Reaper Expand, Bio Tank 

Get SALT Encoding   

  12  0:00  SCV  
  13  0:13  SCV  
  14  0:17  Supply Depot  
  14  0:25  SCV  
  15  0:39  SCV, Barracks  
  16  0:44  Refinery  
  16  0:51  SCV  
  17  1:03  SCV  
  18  1:15  SCV  
  19  1:27  Reaper, Orbital Command  
  20  1:39  Command Center  
  20  1:48  Supply Depot  
  20  1:53  SCV  
  21  1:59  Marine  
  22  2:05  SCV  
  23  2:12  Factory  
  23  2:13  Refinery  
  23  2:17  SCV  
  23  2:22  Barracks Reactor  
  24  2:29  SCV  
  25  2:41  SCV  
  26  2:52  Orbital Command  
  26  2:53  SCV  
  26  2:58  Starport  
  27  3:04  Hellion  
  27  3:05  SCV, Hellion  
  31  3:09  Barracks Tech Lab  
  31  3:12  Supply Depot  
  32  3:17  SCV x2  
  34  3:25  Liberator  
  34  3:31  SCV x2  
  36  3:42  Marine x2  
  36  3:43  SCV x2  
  36  3:47  Command Center  
  43  3:55  Supply Depot  
  43  3:57  Siege Tank  
  43  3:58  SCV  
  43  3:59  SCV  
  48  4:05  Marine x2  
  48  4:08  Liberator  
  50  4:11  SCV x2  
  52  4:19  Bunker  
  52  4:23  SCV x2  
  54  4:26  Marine x2  
  54  4:29  Refinery  
  54  4:30  Refinery  
  59  4:35  SCV x2  
  59  4:37  Supply Depot  
  61  4:44  Marine  
  62  4:58  SCV x2, Siege Tank, Marine  
  62  4:59  Barracks  
  67  5:01  Supply Depot, Barracks  
  67  5:03  Orbital Command  
  67  5:04  Marine  
  68  5:11  SCV  
  68  5:13  SCV  
  70  5:20  Marine  
  71  5:22  Marine  
  71  5:23  SCV  
  71  5:25  SCV  
  71  5:28  Engineering Bay  
  71  5:30  Engineering Bay  
  71  5:33  SCV  
  71  5:35  SCV  
  72  5:38  SCV, Marine  
  72  5:39  Starport Reactor  
  74  5:45  SCV  
  74  5:48  SCV, Siege Tank  
  79  5:50  Barracks Tech Lab  
  79  5:51  Barracks Tech Lab  
  79  5:53  SCV  
  80  5:57  SCV  
  80  6:00  SCV  
  80  6:01  Terran Infantry Weapons Level 1, Terran Infantry Armor Level 1  
  80  6:02  Orbital Command  
  81  6:06  SCV, Marine  
  81  6:07  Marine  
  81  6:09  Combat Shields, Stimpack  
  85  6:12  SCV  
  85  6:19  Medivac x2, Marauder x2  
  93  6:32  Supply Depot, SCV x2, Marine x2  
  97  6:35  SCV  
  98  6:43  Barracks  
  98  6:44  SCV, Barracks  
  98  6:45  Marauder  
  98  6:47  Supply Depot  
  101  6:49  Supply Depot  
  101  6:50  Supply Depot  
  101  6:53  SCV, Marauder  
  104  6:54  Refinery  
  104  6:56  Siege Tank  
  104  7:00  Supply Depot  
  104  7:01  SCV x2  
  108  7:02  Refinery  
  108  7:08  Medivac, Marine x2  
  109  7:09  Marauder  
  109  7:12  Supply Depot  
  109  7:13  Medivac  
  117  7:18  Barracks  
  117  7:20  Barracks  
  117  7:22  Marauder  
  117  7:24  Barracks  
  117  7:30  Siege Tank, Marine x2  
  117  7:34  Marauder  
  124  7:38  Barracks Reactor, Armory  
  124  7:40  Barracks Tech Lab  
  124  7:43  Medivac x2  
  124  7:44  Marauder  
  130  7:48  Supply Depot  
  130  7:52  Supply Depot  
  130  7:53  Marine x2  
  132  8:02  Concussive Shells  
  132  8:03  Marauder x2  
  132  8:04  Command Center  
  136  8:08  Barracks Reactor, Barracks Tech Lab  
  136  8:13  Barracks Reactor  
  136  8:14  Marine  
  136  8:15  Marine  
  136  8:16  Marauder  
  136  8:18  Medivac  
  144  8:21  Supply Depot  
  144  8:24  Supply Depot x2  
  144  8:25  Terran Infantry Weapons Level 2, Terran Infantry Armor Level 2  
  144  8:26  Marine  
  144  8:27  Marine x2  
  140  8:28  Marauder  
  140  8:31  Marauder  
  147  8:34  Siege Tank  
  147  8:40  Marauder  
  152  8:45  Terran Vehicle Weapons Level 1  
  152  8:46  Marauder, Marine x5  
  152  8:47  Marine  
  163  9:02  Marauder  
  163  9:03  Marauder  
  163  9:09  Marauder  
  165  9:24  Marauder x2, Marine x4  
  170  9:28  Marauder, Marine x2  
  170  9:30  Factory, Siege Tank, Medivac x2  
  170  9:31  Marauder  
  186  9:36  Marine  
  188  9:45  Marauder  
  188  9:46  Marauder  
  188  9:47  Marine  
  188  9:50  Marine  
  188  9:51  Marine, Marauder  
  195  9:55  Marine  
  195  9:56  Marauder  
  195  9:57  Marine  
  195  10:03  Ghost Academy  
  195  10:07  Barracks, Marauder  
  195  10:08  Barracks  
  195  10:12  Marauder  
  177  10:17  Marine x2  
  177  10:18  Marauder  
  177  10:19  Medivac x2  
  177  10:21  Marauder  
  167  10:23  Marine x2  
  167  10:34  Marine  
  167  10:35  Marine  
  169  10:36  Siege Tank  
  169  10:40  Marine x3  
  169  10:42  Ghost x3  
  171  10:44  Ghost  
  171  10:46  Marine x2  
  171  10:48  Planetary Fortress  
  181  11:10  Ghost  
  181  11:11  Ghost x2  
  181  11:13  Ghost  
  181  11:15  Barracks Tech Lab x2  
  187  11:19  Factory Tech Lab  
  187  11:21  Terran Infantry Weapons Level 3  
  187  11:38  Refinery  
  187  11:39  Refinery, Ghost x3  
  191  11:46  Ghost  
  195  11:59  Command Center, Ghost  
  195  12:01  SCV x2  
  195  12:03  SCV  
  196  12:11  SCV  
  196  12:14  Ghost  
  199  12:16  Marine  
  199  12:20  SCV  
  175  12:31  Marauder  
  175  12:35  Ghost  
  175  12:36  Marine x2  
  169  12:38  SCV x2  
  163  12:49  SCV x2  
  164  12:51  Marine  
  164  12:52  Marauder  
  167  13:02  Ghost  
  167  13:03  Marine  
  170  13:05  Marine  
  170  13:11  Marauder  
  170  13:12  Marine  
  173  13:26  Marine  
  173  13:27  Marauder, Marine  
  150  13:29  Marine x2  
  150  13:30  Marauder  
  114  13:36  Marine, Marauder  
  114  13:37  Marine  
  114  13:39  Marine  
  114  13:40  Marine  
  97  13:46  Marauder  
  97  13:47  Marine x2  
  91  13:50  Marine  
Show
View Real Time Build Order
Export as new Build Order

Petraeus Zerg - Winner!

Build Orders: Hatch First 

Get SALT Encoding   

  12  0:01  Drone  
  13  0:12  Overlord  
  13  0:17  Drone  
  14  0:31  Drone x2  
  14  0:34  Drone  
  17  0:52  Hatchery  
  17  0:54  Drone  
  17  0:57  Drone  
  18  1:11  Spawning Pool  
  17  1:12  Extractor  
  17  1:15  Drone  
  17  1:18  Drone  
  18  1:28  Drone  
  19  1:39  Overlord  
  19  1:51  Drone  
  20  1:58  Queen  
  20  2:00  Zergling x2  
  23  2:04  Zergling x2, Queen  
  26  2:11  Drone  
  26  2:15  Metabolic Boost, Drone  
  28  2:28  Drone  
  29  2:31  Drone  
  29  2:38  Zergling x2  
  29  2:39  Queen  
  32  2:47  Overlord  
  32  2:49  Drone x2  
  34  2:56  Zergling x2  
  35  3:01  Drone  
  36  3:09  Overlord  
  36  3:15  Queen  
  36  3:18  Drone x4  
  42  3:25  Drone x2  
  44  3:29  Drone x2  
  46  3:38  Hatchery, Drone x2  
  47  3:44  Roach Warren, Extractor  
  47  3:48  Zergling x6  
  46  3:50  Drone x2  
  50  3:56  Overlord  
  50  3:58  Drone x2  
  50  4:01  Evolution Chamber  
  51  4:09  Overlord  
  51  4:11  Drone  
  51  4:14  Queen  
  51  4:16  Overlord  
  54  4:26  Roach x3  
  54  4:30  Roach  
  62  4:32  Drone x3  
  62  4:33  Drone x2  
  62  4:36  Overlord  
  67  4:48  Overlord  
  67  4:56  Zergling x8  
  67  4:58  Lair  
  71  5:00  Zerg Missile Weapons Level 1, Zergling x2  
  71  5:01  Zergling x4  
  74  5:07  Drone  
  74  5:10  Spore Crawler x2, Drone, Extractor  
  74  5:12  Spore Crawler, Drone  
  73  5:14  Drone  
  73  5:16  Drone  
  74  5:25  Drone  
  74  5:26  Drone x3  
  74  5:28  Drone x2  
  76  5:29  Drone x3  
  76  5:30  Drone x2  
  76  5:34  Extractor  
  78  5:35  Drone  
  78  5:36  Drone  
  80  5:43  Drone  
  80  5:48  Pneumatized Carapace  
  80  5:49  Ravager  
  83  5:50  Ravager, Extractor x2  
  83  5:52  Hatchery  
  83  5:54  Overlord x2  
  83  5:56  Drone x2  
  83  5:57  Drone x2  
  83  6:04  Queen  
  80  6:11  Overlord x4  
  82  6:12  Glial Reconstitution  
  82  6:16  Drone  
  82  6:17  Drone  
  84  6:20  Drone x2, Infestation Pit  
  84  6:21  Drone  
  84  6:22  Drone  
  84  6:25  Roach  
  89  6:31  Roach x2  
  93  6:34  Drone x2  
  93  6:35  Drone  
  93  6:39  Overlord x2  
  96  6:41  Roach  
  98  6:50  Evolution Chamber  
  98  6:53  Ravager x3  
  99  6:54  Zerg Ground Armor Level 1  
  99  6:56  Drone x3  
  99  6:57  Drone x3  
  99  6:58  Hive  
  105  7:04  Spine Crawler  
  105  7:05  Queen  
  105  7:08  Queen  
  108  7:12  Ravager  
  108  7:13  Overlord x2  
  108  7:14  Zergling x2  
  108  7:15  Zergling x4  
  112  7:17  Drone x2, Extractor  
  112  7:22  Drone x2  
  115  7:23  Drone  
  115  7:29  Overlord  
  116  7:31  Zergling x12  
  116  7:35  Zerg Melee Weapons Level 1  
  122  7:39  Drone x2  
  122  7:40  Overlord x2, Spine Crawler  
  123  7:54  Queen  
  123  7:56  Queen  
  127  7:59  Drone x2  
  127  8:00  Overlord  
  127  8:01  Drone  
  127  8:03  Roach x4, Zergling x2  
  127  8:04  Zergling x10  
  143  8:13  Queen  
  143  8:14  Infestor x3, Ultralisk Cavern  
  143  8:16  Adrenal Glands  
  150  8:21  Drone  
  151  8:30  Hatchery  
  151  8:31  Spore Crawler  
  151  8:32  Spine Crawler  
  150  8:34  Drone x3  
  150  8:40  Spine Crawler  
  150  8:41  Spine Crawler  
  149  8:48  Burrow, Extractor  
  145  9:03  Ultralisk x2  
  145  9:04  Ultralisk x3  
  145  9:05  Chitinous Plating  
  145  9:08  Drone x2  
  145  9:09  Drone x2  
  179  9:10  Spine Crawler  
  179  9:11  Spine Crawler  
  179  9:14  Drone  
  179  9:15  Spire  
  177  9:23  Zergling x12  
  177  9:24  Zergling x10  
  188  9:30  Zerg Ground Armor Level 2  
  188  9:33  Zergling x6  
  188  9:34  Zerg Melee Weapons Level 2, Zergling x2  
  188  9:36  Zergling x2  
  188  9:37  Zergling x8  
  197  9:41  Ravager  
  197  9:43  Ravager  
  186  9:55  Zergling x18  
  186  9:56  Zergling x6  
  186  9:58  Queen  
  135  10:28  Ultralisk x5  
  149  10:30  Queen  
  149  10:34  Queen x2  
  157  10:39  Queen  
  157  10:41  Ultralisk  
  163  10:42  Infestor  
  163  10:47  Zergling x2  
  163  10:48  Zergling x16  
  173  10:52  Infestor  
  175  11:02  Ultralisk, Zergling x2  
  175  11:03  Zergling x10  
  187  11:07  Overlord x2  
  187  11:08  Zerg Flyer Weapons Level 1  
  187  11:18  Infestor x2  
  189  11:29  Zergling x10  
  189  11:30  Zergling x6  
  195  11:33  Hatchery  
  195  11:35  Queen  
  195  11:36  Baneling Nest  
  195  11:48  Hatchery  
  195  11:51  Infestor  
  194  11:56  Queen  
  194  11:58  Infestor  
  162  12:38  Ultralisk x2  
  162  12:39  Ultralisk x2  
  162  12:40  Infestor x3  
  162  12:41  Infestor, Zergling x18  
  162  12:42  Zergling x4  
  187  12:53  Queen  
  187  12:56  Infestor x2  
  187  12:57  Queen  
  195  13:14  Infestor x4  
  166  13:42  Zergling x22  
Tags
 
Add a new tag
Caveats
  • Supply blocks, unpowered buildings, or Contaminate may cause inaccurate times.
  • Supply counts are checked every 10 seconds.